 Dungeon Sprint DCSS version 0.22-a0-354-g30dfbe6 (webtiles) character file.

54 Kikal the Stinger (level 4, -5/30 HPs)
             Began as a Formicid Venom Mage on Apr 16, 2018.
             Drowned by a water elemental (7 damage)
             ... in the Dungeon (Sprint III: "The Ten Rune Challenge").
             The game lasted 00:02:46 (382 turns).

Kikal the Stinger (Formicid Venom Mage)              Turns: 382, Time: 00:02:46

Health: -5/30      AC:  3    Str: 12    XL:     4   Next: 12%
Magic:  9/9        EV: 12    Int: 16    God:
Gold:   38         SH:  0    Dex: 11    Spells: 4/10 levels left

rFire    . . .     SeeInvis +   (no weapon)
rCold    . . .     Gourm    .   (no shield)
rNeg     . . .     Faith    .   a - +0 robe
rPois    .         Spirit   .   (helmet unavailable)
rElec    .         Reflect  .   k - +0 cloak
rCorr    .         Harm     .   (no gloves)
MR       .....                  (no boots)
Stlth    ++........             (no amulet)
HPRegen  0.10/turn              (no ring)
MPRegen  0.11/turn              (no ring)

@: engulfed (cannot breathe)
A: permanent stasis, dig shafts and tunnels, four strong arms, antennae 3
a: Dig


You were in the Dungeon.
You were not hungry.

You visited 1 branch You collected 38 gold pieces.

Inventory:

Armour
 a - a +0 robe (worn)
 k - a +0 cloak (worn)
Wands
 j - a wand of digging (9)
Scrolls
 i - a scroll of blinking
 m - 2 scrolls of torment {unknown}
 n - a scroll of magic mapping {unknown}
 o - 3 scrolls of random uselessness {unknown}
 q - a scroll of identify {unknown}
 r - a scroll of remove curse {unknown}
Potions
 d - a potion of curing
 e - a potion of heal wounds
 f - a potion of haste
 g - 2 potions of magic
 h - a potion of berserk rage
 l - 6 potions of mutation
 p - 2 potions of flight {unknown}
Comestibles
 b - 4 chunks of flesh
 c - 3 rations


   Skills:
 - Level 1.7 Dodging
 - Level 2.4 Stealth
 - Level 3.9 Spellcasting
 + Level 4.1 Conjurations
 + Level 2.3 Air Magic
 - Level 5.9 Poison Magic


You had 4 spell levels left.
You knew the following spells:

 Your Spells              Type           Power        Failure   Level  Hunger
a - Sting                 Conj/Pois      ###.         2%          1    None
b - Poisonous Vapours     Pois/Air       ###...       4%          2    ##.....
c - Mephitic Cloud        Conj/Pois/Air  ###.....     10%         3    ###....


Dungeon Overview and Level Annotations

Branches:
Dungeon (1/1)

Altars:


Innate Abilities, Weirdness & Mutations

You cannot be hasted, slowed, berserked, paralysed or teleported.
You can dig through walls and to a lower floor.
Your four strong arms can wield two-handed weapons with a shield.
You have a pair of large antennae on your head. (SInv)


Message History

The water elemental closely misses you.
You barely miss the water elemental. The water elemental hits you!
The water elemental engulfs you in water!
You take 10 damage, and have 20/30 hp.
MASSIVE DAMAGE!!
You closely miss the water elemental.
Your lungs strain for air!
The water elemental barely misses you.
You take 5 damage, and have 15/30 hp.
You barely miss the water elemental.
* * * LOW HITPOINT WARNING * * *
Your lungs strain for air!
The water elemental completely misses you.
You take 6 damage, and have 9/30 hp.
You hit the water elemental but do no damage.
* * * LOW HITPOINT WARNING * * *
Your lungs strain for air!
The water elemental closely misses you.
You take 7 damage, and have 2/30 hp.
MASSIVE DAMAGE!!
You hit the water elemental.
You die...

▓▓▓▓▓▓▓ ▓▓▓ ..#...####
##.# ..#......#####..#
.##.......#..#..#{
#.##.##...#..#..###+#+##
#.##.###..##'#..#.......
.####.##..###...@.⌠.....
###..##..####...#E..####
.....##..###....#.⌠.#
##..##...##.....#...#
#..##...)#......#+###
..###..##.#.....# {{ {
..# #..#####....# ▓▓▓
▓▓▓▓ ▓▓▓▓▓▓ { { {


You could see a water elemental.

Vanquished Creatures
  Crazy Yiuf (D)
  A human (D)
  An ooze (D)
  3 rats (D)
6 creatures vanquished.

Vanquished Creatures (others)
  2 draconian scorchers (D)
  2 yaktaurs (D)
  6 hellions (D)
10 creatures vanquished.

Grand Total: 16 creatures vanquished

Notes
Turn   | Place    | Note
-------+----------+-------------------------------------------
     0 | D        | Kikal the Formicid Venom Mage began the quest for the Orb.
     0 | D        | Reached XP level 1. HP: 13/13 MP: 3/3
    15 | D        | Reached skill level 1 in Conjurations
    20 | D        | Killed a yaktaur
    72 | D        | Reached XP level 2. HP: 19/19 MP: 4/6
    78 | D        | Learned a level 2 spell: Poisonous Vapours
   112 | D        | Killed a hellion
   113 | D        | Killed a hellion
   116 | D        | Killed a yaktaur
   132 | D        | Reached skill level 5 in Poison Magic
   132 | D        | Reached XP level 3. HP: 12/24 MP: 1/8
   137 | D        | Learned a level 3 spell: Mephitic Cloud
   159 | D        | Killed a hellion
   160 | D        | Killed a hellion
   180 | D        | Killed a hellion
   183 | D        | Killed a white draconian scorcher
   229 | D        | Killed a white draconian scorcher
   263 | D        | Killed a hellion
   282 | D        | Noticed Crazy Yiuf
   289 | D        | Killed Crazy Yiuf
   289 | D        | Reached XP level 4. HP: 30/30 MP: 2/9
   374 | D        | Noticed a water elemental
   382 | D        | Drowned by a water elemental

Vault maps used:
D:        dungeon_sprint_mu

Skill      XL: |  1  2  3 |
---------------+----------+-----
Conjurations   | 2 3 4 |  4.1
Spellcasting   | 3 |  3.9
Poison Magic   | 5 |  5.9
Air Magic      | 2 |  2.3
Dodging        | |  1.7
Stealth        | |  2.4

Action                   |  1- 3 |  4- 6 || total
-------------------------+-------+-------++-------
Melee: Unarmed           |    14 |     6 ||    20
 Cast: Poisonous Vapours |     6 |       ||     6
       Sting             |     2 |       ||     2
 Stab: Sleeping          |     1 |       ||     1
Armor: Robe              |     2 |       ||     2
Dodge: Dodged            |     7 |     4 ||    11

Table legend:
 A = Spawn XP
 B = Non-spawn XP
 C = Spawn XP percentage of total XP
 D = Spawn monster count
 E = Non-spawn monster count
 F = Spawn count percentage of total count
 G = Total turns spent on level
                    A         B        C        D         E        F      G
               +---------+---------+-------+---------+---------+-------+---------
         Total |       0 |      78 |   0.0 |       0 |       6 |   0.0 |   382
               +---------+---------+-------+---------+---------+-------+---------
             D |       0 |      78 |   0.0 |       0 |       6 |   0.0 |   382
               +---------+---------+-------+---------+---------+-------+---------
